 Dungeon Crawl Stone Soup version 0.30-a0-381-g6ea064c7b4 (webtiles) character file.

Game seed: 854940248105231212

392 PyroL the Grave Robber (level 6, -6/41 HPs)
             Began as a Demonspawn Necromancer on Dec 2, 2022.
             Mangled by an ogre
             ... wielding a +0 giant spiked club
              (34 damage)
             ... on level 5 of the Dungeon.
             The game lasted 00:07:45 (4702 turns).

PyroL the Grave Robber (Demonspawn Necromancer)     Turns: 4702, Time: 00:07:46

Health: -6/41      AC:  5    Str:  9    XL:     6   Next: 51%
Magic:  7/11       EV: 13    Int: 18    God:
Gold:   290        SH:  0    Dex: 13    Spells: 4/12 levels left

rFire   . . .      SeeInvis +    c - +0 war axe
rCold   . . .      Faith    .    (no shield)
rNeg    . . .      Spirit   .    a - +0 robe
rPois   +          Reflect  .    e - +0 helmet
rElec   .          Harm     .    s - +0 cloak {rPois}
rCorr   .          Rampage  .    t - +0 pair of gloves
Will    .....                    (no boots)
Stlth   ++........               (no amulet)
HPRegen 0.26/turn                m - ring of see invisible
MPRegen 0.12/turn                (no ring)

@: studying Axes
A: demonic guardian 1, powered by death 1
a: no special abilities


You were on level 5 of the Dungeon.
You visited 1 branch of the dungeon, and saw 5 of its levels.

You collected 290 gold pieces.

Inventory:

Hand Weapons
 c - a +0 war axe (weapon)
Armour
 a - a +0 robe (worn)
 e - a +0 helmet (worn)
 s - a +0 cloak of poison resistance (worn)
 t - a +0 pair of gloves (worn)
Jewellery
 m - a ring of see invisible (left hand)
Wands
 n - a wand of polymorph (8)
 r - a wand of paralysis (10)
 u - a wand of iceblast (6)
Scrolls
 d - a scroll of magic mapping {unknown}
 g - a scroll of fear {unknown}
 i - 3 scrolls of identify {unknown}
 l - 2 scrolls of teleportation {unknown}
 p - a scroll of enchant armour {unknown}
 q - a scroll of brand weapon {unknown}
Potions
 b - a potion of magic
 f - a potion of lignification {unknown}
 h - 2 potions of heal wounds {unknown}
 j - a potion of cancellation {unknown}
 k - a potion of mutation {unknown}
 o - a potion of brilliance {unknown}


   Skills:
 + Level 3.5 Dodging
 + Level 3.7 Stealth
 + Level 3.5 Spellcasting
 + Level 5.7 Necromancy


You had 4 spell levels left.
You knew the following spells:

 Your Spells              Type           Power      Damage    Failure   Level
a - Necrotise             Necr           92%        1d8       1%          1
b - Vampiric Draining     Necr           23%        2d7       4%          3
c - Animate Dead          Necr           23%        N/A       14%         4

Your spell library contained the following spells:

 Spells                   Type           Power      Damage    Failure   Level
 Cigotuvi's Dreadful Rot  Necr/Pois/Air  20%        N/A       11%         2
 Poisonous Vapours        Pois/Air       6%         N/A       24%         2
 Mephitic Cloud           Conj/Pois/Air  3%         N/A       43%         3
 Agony                    Necr           23%        N/A       38%         5


Dungeon Overview and Level Annotations

Branches:
Dungeon (5/15)
 Temple: D:4-7

Altars:
Sif Muna

Shops:
D:4 (


Innate Abilities, Weirdness & Mutations

A weak demonic guardian rushes to your aid.
You regenerate a little health from kills.


Message History

You see here a wand of iceblast (6).
u - a wand of iceblast (6)
The iguana hisses angrily.
An ogre comes into view. It is wielding a +0 giant spiked club.
The iguana writhes in agony.
The iguana writhes in agony.
The iguana barely misses you.
You completely miss the iguana.
The iguana is heavily wounded.
The iguana closely misses you.
You hit the iguana but do no damage.
The iguana is heavily wounded.
The iguana closely misses you. The iguana bites you!
A demonic guardian appears!
Your quasit bites the ogre.
Your quasit barely misses the ogre.
Your quasit claws the ogre but does no damage.
You hit the iguana but do no damage.
The iguana is heavily wounded.
You barely miss the ogre.
Your quasit bites the ogre.
Your quasit barely misses the ogre. x2; The iguana bites you!
* * * LOW HITPOINT WARNING * * *
The ogre misses you.
Your quasit bites the ogre.
Your quasit claws the ogre. x2
Sorry, you're not good enough to have a special ability.
Your quasit barely misses the ogre.
Your quasit claws the ogre but does no damage.
Your quasit closely misses the ogre.
You barely miss the iguana.
The iguana is heavily wounded.
The iguana closely misses you.
Your quasit bites the ogre.
Your quasit claws the ogre but does no damage.
Your quasit claws the ogre.
The iguana misses you. The iguana closely misses your quasit.
Casting: Necrotise (safe; 1% risk of failure)
Confirm with . or Enter, or press ? or * to list all spells.
Aiming: Vampiric Draining (dangerous; 4% risk of failure)
Press: ? - help, Shift-Dir - straight line, f - ogre, p - iguana
Aim: an ogre, wielding a +0 giant spiked club (heavily wounded)
You draw life force from the ogre!
You feel life coursing into your body.
The ogre hits you with a +0 giant spiked club!!
Ouch! That really hurt!
You die...

..### ... ####..........
#.............
#.....#......#
#.....#.....[.
#............
##...........
#.............. ...
#5.##@....##...
....#..#O......#..#
#....l5..........###
....>>..............##.. .
..#.....................
#.
##...................###..
##......#................
#.#..###................
####.# ####............#


You could see an ogre, an iguana (ally target) and a friendly quasit (summoned).

Vanquished Creatures
  A necrophage (D:4)
  A hound (D:4)
  An orc priest (D:4)
  An iguana (D:4)
  8 adders
  A gnoll (D:4)
  3 dart slugs
  8 orcs (D:4)
  4 ball pythons
  15 bats
  8 endoplasms
  2 giant cockroaches (D:3)
  3 hobgoblins
  10 jackals
  2 quokkas
  2 frilled lizards (D:1)
  12 goblins
  10 kobolds
  3 rats (D:2)
95 creatures vanquished.

Vanquished Creatures (collateral kills)
  Crazy Yiuf (D:4)
  An adder (D:3)
  An ufetubus (D:4)
  2 dart slugs
  An orc (D:4)
  2 endoplasms
  A hobgoblin (D:4)
  A ball python (D:4)
  A bat (D:3)
  A kobold (D:3)
12 creatures vanquished.

Grand Total: 107 creatures vanquished

Notes
Turn   | Place    | Note
-------+----------+-------------------------------------------
     0 | D:1      | PyroL the Demonspawn Necromancer began the quest for the
                  | Orb.
     0 | D:1      | Reached XP level 1. HP: 13/13 MP: 3/3
    87 | D:1      | Gained mutation: A weak demonic guardian rushes to your
                  | aid. [demonic ancestry]
    87 | D:1      | Reached XP level 2. HP: 13/19 MP: 0/5
   453 | D:1      | Gained mutation: You regenerate a little health from kills.
                  | [demonic ancestry]
   453 | D:1      | Reached XP level 3. HP: 20/24 MP: 1/6
  1092 | D:2      | Learned a level 3 spell: Vampiric Draining
  1247 | D:2      | Reached XP level 4. HP: 30/30 MP: 5/7
  1252 | D:2      | Learned a level 4 spell: Animate Dead
  2078 | D:3      | Reached skill level 5 in Necromancy
  3007 | D:4      | Reached XP level 5. HP: 31/35 MP: 1/9
  3016 | D:4      | HP: 1/35 [orc/+0 flail (4)]
  3467 | D:4      | Found a shimmering blue altar of Sif Muna.
  3528 | D:4      | Found a runed translucent door.
  3529 | D:4      | Noticed Crazy Yiuf
  3535 | D:4      | Killed Crazy Yiuf
  3676 | D:4      | Reached XP level 6. HP: 12/41 MP: 6/11
  4113 | D:4      | Found Fuluopn's Antique Weapon Boutique.
  4667 | D:5      | Entered Level 5 of the Dungeon
  4702 | D:5      | Mangled by an ogre

Illustrated notes

Levels and vault maps discovered:
D:1:      elethiomel_arrival_quiet, layout_rooms, minmay_misc_feat_tower,
          st_stairs_10
D:2:      layout_loops_cross
D:3:      layout_basic, roderic_batcave
D:4:      minmay_recursive_quarters, layout_cave_pools,
          nicolae_sif_muna_condensation, serial_shops, shop,
          uniq_crazy_yiuf_cottage
D:5:      layout_cave_pools

Skill      XL: |  1  2  3  4  5 |
---------------+----------------+-----
Stealth        | 2 3 |  3.7
Dodging        | 2 3 |  3.5
Necromancy     | 5 |  5.7
Spellcasting   | 3 |  3.5

Action                   |  1- 3 |  4- 6 || total
-------------------------+-------+-------++-------
Melee: Short sword       |    38 |    85 ||   123
       Unarmed           |     5 |       ||     5
       Punch             |     1 |     2 ||     3
       War axe           |       |    61 ||    61
 Cast: Necrotise         |    61 |    78 ||   139
       Vampiric Draining |       |     5 ||     5
       Animate Dead      |       |     1 ||     1
 Stab: Sleeping          |     1 |     5 ||     6
Armor: Robe              |    18 |    49 ||    67
Dodge: Dodged            |    61 |   173 ||   234

Table legend: (Time is in decaauts)
 A = Elapsed time spent in this place.
 B = Non-inter-level travel time spent in this place.
 C = Inter-level travel time spent in this place.
 D = Time resting spent in this place.
 E = Time spent auto-exploring this place.
 F = Levels seen in this place.
 G = Mean time per level.
                   A        B        C        D        E       F      G
               +--------+--------+--------+--------+--------+-----+--------+
         Total |   4732 |   4583 |    149 |    541 |   3235 |   5 |  946.4 |
       Dungeon |   4732 |   4583 |    149 |    541 |   3235 |   5 |  946.4 |
               +--------+--------+--------+--------+--------+-----+--------+

Top non-repeatable levels by time:
     D:3: 1499 daAuts
     D:4: 1424 daAuts
     D:2: 904 daAuts
     D:1: 867 daAuts
     D:5: 36 daAuts
